 Dungeon Crawl Stone Soup version 0.29-a0-393-g47a863cc1b (webtiles) character file.

Game seed: 17957041389225028364

53 quinnr the Gusty (level 3, -1/19 HPs)
             Began as a Tengu Air Elementalist on May 10, 2022.
             Slain by an adder (2 damage)
             ... on level 2 of the Dungeon.
             The game lasted 00:02:37 (1367 turns).

quinnr the Gusty (Tengu Air Elementalist)           Turns: 1367, Time: 00:02:38

Health: -1/19      AC:  2    Str:  8    XL:     3   Next: 89%
Magic:  3/7        EV: 12    Int: 17    God:
Gold:   78         SH:  0    Dex: 14    Spells: 5/6 levels left

rFire   . . .      SeeInvis .   (no weapon)
rCold   . . .      Faith    .   (no shield)
rNeg    . . .      Spirit   .   a - +0 robe
rPois   .          Reflect  .   (helmet restricted)
rElec   .          Harm     .   (no cloak)
rCorr   .          Rampage  .   (no gloves)
Will    .....                   (boots unavailable)
Stlth   ++........              (no amulet)
HPRegen 0.06/turn               (no ring)
MPRegen 0.10/turn               (no ring)

@: brilliant, very slightly contaminated
A: beak, talons 3
a: no special abilities


You were on level 2 of the Dungeon.
You visited 1 branch of the dungeon, and saw 2 of its levels.

You collected 78 gold pieces.

Inventory:

Armour
 a - a +0 robe (worn)
Wands
 f - a wand of acid (1)
Scrolls
 e - a scroll of identify {unknown}
 h - a scroll of fog {unknown}
Potions
 b - 2 potions of magic
 c - a potion of might {unknown}
 d - 2 potions of heal wounds {unknown}
 g - a potion of brilliance


   Skills:
 - Level 2.1 Dodging
 - Level 2.0 Stealth
 - Level 2.0 Spellcasting
 - Level 1.3 Conjurations
 + Level 6.2 Air Magic


You had 5 spell levels left.
You knew the following spells:

 Your Spells              Type           Power      Damage    Failure   Level
a - Shock                 Conj/Air       84%        1d8       4%          1

Your spell library contained the following spells:

 Spells                   Type           Power      Damage    Failure   Level
 Swiftness                Air            34%        N/A       4%          3
 Static Discharge         Conj/Air       21%        N/A       6%          2
 Airstrike                Air            17%        N/A       14%         4
 Pain                     Necr           8%         1d4       19%         1
 Agony                    Necr           2%         N/A       99%         5
 Excruciating Wounds      Necr           1%         N/A       99%         5


Dungeon Overview and Level Annotations

Branches:
Dungeon (2/15)

Altars:
Xom


Innate Abilities, Weirdness & Mutations

You have a beak for a mouth.
You have claws for feet.


Message History

The adder is moderately wounded.
The adder bites you.
* * * LOW HITPOINT WARNING * * *
Unknown command.
Casting: Shock (safe; 4% risk of failure)
Confirm with . or Enter, or press ? or * to list all spells.
Aiming: Shock (safe; 4% risk of failure)
Press: ? - help, Shift-Dir - straight line, f/p - quokka
Aim: a quokka (severely wounded, 60% to hit)
The zap hits the quokka.
You kill the quokka!
The adder bites you but does no damage.
Unknown command.
Unknown command.
Okay, then.
Casting: Shock (safe; 4% risk of failure)
Confirm with . or Enter, or press ? or * to list all spells.
Aiming: Shock (safe; 4% risk of failure)
Press: ? - help, Shift-Dir - straight line The zap misses the adder.
The zap hits the adder.
The adder is severely wounded.
The adder bites you but does no damage.
Unknown command.
Casting: Shock (safe; 4% risk of failure)
Confirm with . or Enter, or press ? or * to list all spells.
Aiming: Shock (safe; 4% risk of failure)
Press: ? - help, Shift-Dir - straight line You miscast Shock.
You are very lightly contaminated with residual magic.
Nothing appears to happen.
The adder bites you but does no damage. x2
Unknown command.
Casting: Shock (safe; 4% risk of failure)
Confirm with . or Enter, or press ? or * to list all spells.
Aiming: Shock (safe; 4% risk of failure)
Press: ? - help, Shift-Dir - straight line
Okay, then.
It was a potion of brilliance.
You feel clever all of a sudden. The adder bites you.
You die...

#.....# ##.....#
#......# .#......#
.#......#############
....................####
...........gg..g........
.#.#####...#####Sg..###
#.# #...# #@...# ..#
#...#####.#### ...#
#..†.........# ....
#............# ..##
#............# ..
###..........#
#..........#
#........†.#
#..........#


You could see an adder, a hobgoblin and a goblin.

Vanquished Creatures
  A gnoll (D:1)
  An adder (D:2)
  4 endoplasms
  2 giant cockroaches (D:1)
  3 hobgoblins (D:1)
  5 kobolds (D:1)
  4 quokkas
  2 ball pythons
  6 bats
  4 goblins
32 creatures vanquished.

Notes
Turn   | Place    | Note
-------+----------+-------------------------------------------
     0 | D:1      | quinnr the Tengu Air Elementalist began the quest for the
                  | Orb.
     0 | D:1      | Reached XP level 1. HP: 10/10 MP: 4/4
   223 | D:1      | Reached XP level 2. HP: 15/15 MP: 3/6
   503 | D:1      | Reached skill level 5 in Air Magic
   632 | D:1      | Found a faded altar of an unknown god.
   772 | D:1      | Reached XP level 3. HP: 19/19 MP: 0/7
  1164 | D:2      | Reached skill level 6 in Air Magic
  1191 | D:2      | Found a shimmering altar of Xom.
  1363 | D:2      | HP: 1/19 [adder (2)]
  1367 | D:2      | Slain by an adder

Illustrated notes

Levels and vault maps discovered:
D:1:      minmay_arrival_four_houses, layout_basic,
          dreamdust_ecumenical_altar_angels_and_demons
D:2:      layout_basic, basic_altar

Skill      XL: |  1  2  3 |
---------------+----------+-----
Air Magic      | 5 6 |  6.2
Dodging        | |  2.1
Stealth        | |  2.0
Spellcasting   | |  2.0
Conjurations   | |  1.3

Action                   || total
-------------------------++-------
Melee: Unarmed           ||     3
       Kick              ||     1
       Peck              ||     1
 Cast: Shock             ||    75
  Use: Potion            ||     1
Armor: Robe              ||    12
Dodge: Dodged            ||     6

Table legend: (Time is in decaauts)
 A = Elapsed time spent in this place.
 B = Non-inter-level travel time spent in this place.
 C = Inter-level travel time spent in this place.
 D = Time resting spent in this place.
 E = Time spent auto-exploring this place.
 F = Levels seen in this place.
 G = Mean time per level.
                   A        B        C        D        E       F      G
               +--------+--------+--------+--------+--------+-----+--------+
         Total |   1366 |   1340 |     26 |     79 |   1064 |   2 |  683.0 |
       Dungeon |   1366 |   1340 |     26 |     79 |   1064 |   2 |  683.0 |
               +--------+--------+--------+--------+--------+-----+--------+

Top non-repeatable levels by time:
     D:1: 1074 daAuts
     D:2: 292 daAuts
